 Dungeon Crawl Stone Soup version 0.22-a0-282-gdd34a7d (webtiles) character file.

7044 Amnesiac the Nimble (level 10, 0/64 (68) HPs)
             Began as a Deep Elf Wizard on Mar 17, 2018.
             Was a Believer of Sif Muna.
             Slain by a vampire (12 damage)
             ... on level 9 of the Dungeon.
             The game lasted 00:19:19 (11839 turns).

Amnesiac the Nimble (Deep Elf Wizard)              Turns: 11839, Time: 00:19:20

HP:   0/64 (68)     AC:  4    Str:  4    XL:     10   Next: 83%
MP:   22/22         EV: 18    Int: 27    God:    Sif Muna [**....]
Gold: 772           SH:  0    Dex: 13    Spells: 12/22 levels left

rFire    . . .     SeeInvis .   u - +4 spear (venom)
rCold    . . .     Gourm    .   (no shield)
rNeg     . . .     Faith    .   a - +0 robe
rPois    .         Spirit   .   b - +0 hat
rElec    .         Reflect  .   (no cloak)
rCorr    .         Harm     .   A - +1 pair of gloves
MR       +....                  (no boots)
Stlth    +++.......             H - amulet of regeneration
HPRegen  0.60/turn              t - ring of stealth
MPRegen  0.18/turn              (no ring)

@: divine energy
A: no striking features
a: Stop Divine Energy, Renounce Religion


You were on level 9 of the Dungeon.
You worshipped Sif Muna.
Sif Muna was pleased with you.
You were not hungry.

You visited 2 branches of the dungeon, and saw 11 of its levels.
You also visited: Ossuary.

You collected 864 gold pieces.
You spent 92 gold pieces at shops.

Inventory:

Hand Weapons
 u - a +4 spear of venom (weapon)
Missiles
 q - 2 throwing nets
 y - 47 stones (quivered)
 M - 29 poisoned needles
Armour
 a - a +0 robe (worn)
 b - a +0 hat (worn)
 A - a +1 pair of gloves (worn)
Jewellery
 t - a ring of stealth (left hand)
 H - an amulet of regeneration (around neck)
Wands
 s - a wand of flame (23)
 I - a wand of clouds (4)
 J - a wand of acid (7)
Scrolls
 c - 4 scrolls of teleportation {!r}
 f - a scroll of fear {!r}
 o - 3 scrolls of enchant armour {!r}
 p - a scroll of blinking {!r}
 v - 4 scrolls of amnesia {!r}
 B - 3 scrolls of remove curse {!r}
 G - a scroll of magic mapping {!r}
 K - a scroll of vulnerability {!r}
Potions
 e - 6 potions of invisibility {!q, unknown}
 g - 3 potions of curing {!q, unknown}
 h - 3 potions of haste {!q}
 i - 2 potions of mutation {!q, unknown}
 j - 2 potions of heal wounds {!q, unknown}
 k - 3 potions of resistance {!q, unknown}
 l - 2 potions of might {!q}
 m - 4 potions of lignification {!q, unknown}
 r - a potion of berserk rage {!q, unknown}
 w - 2 potions of cancellation {!q, unknown}
 x - a potion of magic {!q, unknown}
 D - 3 potions of degeneration {!q, unknown}
 E - 2 potions of brilliance {!q}
 L - a potion of flight {!q}
Miscellaneous
 n - a phantom mirror
Comestibles
 d - 15 rations


   Skills:
 - Level 10.0 Fighting
 - Level 10.0 Dodging
 - Level 2.4 Stealth
 + Level 6.9 Spellcasting
 * Level 8.1 Conjurations
 - Level 1.1 Summonings
 - Level 1.1 Translocations


You had 12 spell levels left.
You knew the following spells:

 Your Spells              Type           Power        Failure   Level  Hunger
b - Call Imp              Summ           ###.....     5%          2    None
e - Mephitic Cloud        Conj/Pois/Air  ###.....     6%          3    None
s - Conjure Flame         Conj/Fire      ####....     3%          3    None
v - Blink                 Tloc           N/A          5%          2    None


Dungeon Overview and Level Annotations

Branches:
Dungeon (10/15)            Temple (1/1) D:7            Lair (0/6) D:10
    Orc: D:9-12

Altars:
Ashenzari
Cheibriados
Dithmenos
Elyvilon
Fedhas
Gozag
Hepliaklqana
Kikubaaqudgha
Makhleb
Nemelex Xobeh
Okawaru
Qazlal
Ru
Sif Muna
Trog
Uskayaw
Vehumet
Wu Jian
Xom
Yredelemnul
Zin
The Shining One

Shops:
D:4 [   D:5 ?   D:10 ((*

Annotations:
D:3 exclusion: oklob plant


Message History

No target in view!
No target in view!
Things that are here:
an enchanted flail; a chain mail; an orc corpse No target in view!
You butcher the orc corpse.
n - a chunk of flesh
Things that are here:
an enchanted flail; a chain mail
Things that are here:
an enchanted flail; a chain mail Eating a chunk of flesh.
You eat the chunk of flesh.
This raw flesh tastes terrible.
A vampire comes into view.
The vampire moves out of view.
No target in view!
You see here 10 gold pieces.
A vampire is nearby!
You hit the vampire.
The vampire is lightly damaged.
The vampire gestures wildly while chanting.
The vampire flickers and vanishes!
Deactivating autopickup; reactivate with Ctrl-A.
There is a strange disturbance nearby!
No target in view!
Something barely misses you. x2
Things that are here:
an enchanted flail; a chain mail
There is an open door here.
Found a stone staircase leading down.
There is an open door here.
Found Allumeha's Weapon Emporium.
You hear some strange, mumbled words.
Something tries to affect you, but you resist.
You see here a phantom mirror.
n - a phantom mirror Something hits you!
Something bites you!
Something draws strength from your injuries!
There is a stone staircase leading up, spattered with blood here.
Something hits you! Something barely misses you.
You climb upwards.
There is a stone staircase leading down here.
Evoke which item? (* to show all) (? for menu, Esc to quit)
Aiming: Phantom Mirror
Press: ? - help, Dir - move target cursor You can't see anything there to clone.
Something hits you. Something bites you!
* * * LOW HITPOINT WARNING * * *
Something draws strength from your injuries!
You hear some strange, mumbled words.
You are confused.
You're too confused to move!
You bump into the stone wall.
Something hits you.
* * * LOW HITPOINT WARNING * * *
Something barely misses you.
You miss something. Something hits you!
* * * LOW HITPOINT WARNING * * *
Something bites you.
* * * LOW HITPOINT WARNING * * *
Something draws strength from your injuries!
You bump into the stone wall.
You feel less confused. Something hits you!
You die...

###'#.........#.......>.#
..............###.......#
......#####.....#.......#######
......'...+.##'##.............#
......#...#.#.................#
......#...###.................#
#######.......................#
.........#######{.............#
.....^...#.....#@.............#
.##'####.#.....#..............#
.#.....#.#.....#.......########
.#.....#.#.....#.......#
.#.....#.#.....#.......#
.#.....#.#.....#.......#
.#.....#.#.....#.......#
.#######.####'##.......#
....<..................#


There were no monsters in sight!

Vanquished Creatures
  2 two-headed ogres
  The ghost of Amnesiac the Thaumaturge, a novice DEWz of Sif Muna (D:4)
  A komodo dragon (D:10)
  Sigmund (D:6)
  2 hungry ghosts (D:8)
  Grum (D:8)
  Menkaure (D:5)
  Duvessa (D:6)
  A sky beast (D:5)
  3 ogres
  5 orc warriors
  2 phantoms
  2 centaurs
  A necrophage (D:7)
  2 wolves (D:8)
  The ghost of Amnesiac the Magician, an amateur DEWz (D:3)
  Blork the orc (D:4)
  3 bullfrogs
  Dowan (D:6)
  2 scorpions
  6 killer bees (D:9)
  8 wights
  5 howler monkeys
  6 crimson imps
  A bullfrog skeleton (D:10)
  A bullfrog zombie (D:5)
  4 orc priests
  3 hounds
  A jelly (D:9)
  An iron imp (D:7)
  4 iguanas
  3 orc wizards
  14 worker ants
  2 hell rats (D:8)
  A big kobold zombie (Ossuary)
  A hound skeleton (D:4)
  9 mummies
  A worker ant zombie (D:5)
  11 gnolls
  16 adders
  8 river rats (D:8)
  2 oozes
  2 adder skeletons
  3 worms
  2 dart slugs
  4 leopard geckos
  24 orcs
  4 giant cockroaches
  9 goblins
  9 hobgoblins
  19 jackals
  12 quokkas
  A ball python (D:3)
  5 bats
  3 frilled lizards
  A giant cockroach zombie (D:6)
  A gnoll zombie (Ossuary)
  2 hobgoblin zombies
  A jackal zombie (D:8)
  7 kobolds
  4 kobold zombies
  A leopard gecko skeleton (D:8)
  2 orc zombies (Ossuary)
  24 rats
  A plant (D:10)
283 creatures vanquished.

Vanquished Creatures (collateral kills)
  A necrophage (D:4)
  A scorpion (D:4)
  A dart slug (D:3)
  A jackal (D:4)
4 creatures vanquished.

Grand Total: 287 creatures vanquished

Notes
Turn   | Place    | Note
-------+----------+-------------------------------------------
     0 | D:1      | Amnesiac the Deep Elf Wizard began the quest for the Orb.
     0 | D:1      | Reached XP level 1. HP: 10/10 MP: 7/7
   159 | D:1      | Reached skill level 1 in Fighting
   159 | D:1      | Reached XP level 2. HP: 9/16 MP: 0/9
   761 | D:1      | Reached XP level 3. HP: 21/21 MP: 7/11
   765 | D:1      | Learned a level 2 spell: Blink
   768 | D:1      | Learned a level 2 spell: Call Imp
   772 | D:1      | Learned a level 3 spell: Conjure Flame
   776 | D:1      | Learned a level 3 spell: Mephitic Cloud
   973 | D:2      | Reached XP level 4. HP: 25/27 MP: 10/12
  1808 | D:3      | Reached XP level 5. HP: 25/31 MP: 5/13
  1849 | D:3      | Noticed Amnesiac's ghost (amateur DEWz)
  1862 | D:3      | Killed Amnesiac's ghost
  1862 | D:3      | Reached skill level 5 in Conjurations
  2170 | D:3      | Reached XP level 6. HP: 36/36 MP: 0/14
  2306 | D:3      | Found a blossoming altar of Fedhas.
  2320 | D:3      | Noticed an oklob plant
  2844 | D:4      | Found an iron altar of Okawaru.
  2934 | D:4      | Noticed Blork the orc
  2943 | D:4      | Noticed Amnesiac's ghost (novice DEWz)
  2951 | D:4      | Killed Blork the orc
  3394 | D:4      | Reached XP level 7. HP: 21/43 MP: 0/15
  3401 | D:5      | Entered Level 5 of the Dungeon
  3599 | D:4      | Killed Amnesiac's ghost
  3599 | D:4      | Reached skill level 5 in Fighting
  3599 | D:4      | Reached skill level 5 in Dodging
  4141 | D:4      | Found Odiapt's Armour Emporium.
  4419 | D:5      | Reached XP level 8. HP: 50/50 MP: 6/16
  4420 | D:5      | Found Junon's Magic Scroll Shoppe.
  5235 | D:5      | Noticed Menkaure
  5241 | D:5      | Killed Menkaure
  6261 | D:6      | Noticed Sigmund
  6271 | D:6      | Killed Sigmund
  6271 | D:6      | Reached XP level 9. HP: 44/53 MP: 4/17
  6714 | D:6      | Noticed Dowan
  6717 | D:6      | Noticed Duvessa
  6758 | D:6      | Killed Duvessa
  6784 | D:6      | Killed Dowan
  7023 | D:7      | Found a snail-covered altar of Cheibriados.
  7106 | D:7      | Found a staircase to the Ecumenical Temple.
  7229 | D:7      | Found a sand-covered staircase.
  7242 | Ossuary  | Entered an ossuary
  8529 | D:7      | Found a sacrificial altar of Ru.
  8856 | D:8      | Noticed Grum
  8896 | D:8      | Killed Grum
  8993 | D:8      | Noticed a two-headed ogre
  9062 | D:8      | Reached XP level 10. HP: 62/62 MP: 5/18
  9475 | D:8      | Killed a two-headed ogre
  9732 | D:8      | Reached skill level 10 in Fighting
  9732 | D:8      | Reached skill level 10 in Dodging
  9953 | Temple   | Entered the Ecumenical Temple
 10122 | Temple   | Became a worshipper of Sif Muna the Loreminder
 10818 | D:9      | Reached skill level 5 in Spellcasting
 10977 | D:9      | Reached * piety under Sif Muna
 11100 | D:9      | Noticed a two-headed ogre
 11163 | D:9      | Killed a two-headed ogre
 11398 | D:9      | Found a blossoming altar of Fedhas.
 11401 | D:9      | Found an opulent altar of Gozag.
 11404 | D:9      | Found an iron altar of Okawaru.
 11613 | D:10     | Entered Level 10 of the Dungeon
 11636 | D:10     | Found Oxullyph's Weapon Shop.
 11669 | D:10     | Found a staircase to the Lair.
 11676 | D:10     | Reached ** piety under Sif Muna
 11719 | D:10     | Found Qaschya's Assorted Antiques.
 11764 | D:10     | Bought 2 glowing silvery potions for 45 gold pieces
 11764 | D:10     | Bought a glowing silvery potion for 22 gold pieces
 11764 | D:10     | Bought a scroll labeled NESULA DEOB for 25 gold pieces
 11814 | D:10     | Found Allumeha's Weapon Emporium.
 11839 | D:9      | Slain by a vampire

Vault maps used:
D:1:      minmay_arrival_checkered_box
D:3:      tgw_fedhas
D:4:      serial_shops, nicolae_shop_stone, minivault_19,
          okawaru_ov_weapons_minmay, uniq_blork_the_orc
D:5:      first_ration, serial_shops, shop, minmay_misc_feat_tiny, uniq_menkaure
D:6:      uniq_sigmund, uniq_duvessa
D:7:      cheibrodos_helix_gallery, kennysheep_little_box,
          minmay_temple_entry_from_below_a, nicolae_ossuary_entry_giza,
          chei_slow_surprise
D:8:      lemuel_ratsnest, uniq_grum
D:9:      grunt_temple_overflow_diamond
D:10:     david_lair_shrubbed, serial_shops, kennysheep_mini_moat,
          kennysheep_mini, shop
Temple:   regret_index_temple_mists
Ossuary:  ossuary_tomb_3

Skill      XL: |  1  2  3  4  5  6  7  8  9 10 |
---------------+-------------------------------+-----
Fighting       | 1 2 4 5 7 9 10 | 10.0
Conjurations   | 2 3 5 8 |  8.1
Dodging        | 4 5 7 9 10 | 10.0
Spellcasting   | 6 |  6.9
Stealth        | |  2.4
Summonings     | |  1.1
Translocations | |  1.1

Action                   |  1- 3 |  4- 6 |  7- 9 | 10-12 || total
-------------------------+-------+-------+-------+-------++-------
Melee: Unarmed           |       |    40 |     9 |       ||    49
       Spear             |       |       |   299 |   247 ||   546
 Cast: Magic Dart        |    60 |   192 |   346 |   113 ||   711
       Call Imp          |       |     6 |    12 |       ||    18
       Mephitic Cloud    |       |     1 |    13 |     2 ||    16
       Conjure Flame     |       |       |    14 |     6 ||    20
       Blink             |       |       |     6 |     5 ||    11
Invok: Divine Energy     |       |       |       |     1 ||     1
Evoke: Wand              |       |       |     9 |       ||     9
  Use: Scroll            |       |     5 |       |    10 ||    15
 Stab: Distracted        |       |     1 |     1 |       ||     2
       Sleeping          |       |       |     9 |     4 ||    13
       Confused          |       |       |     6 |     1 ||     7
  Eat: Chunk             |       |     7 |    23 |     7 ||    37
       Ration            |       |       |       |     1 ||     1
Armor: Robe              |     1 |    16 |    49 |    27 ||    93
Dodge: Dodged            |    23 |    72 |   239 |   201 ||   535

Table legend:
 A = Spawn XP
 B = Non-spawn XP
 C = Spawn XP percentage of total XP
 D = Spawn monster count
 E = Non-spawn monster count
 F = Spawn count percentage of total count
 G = Total turns spent on level
                    A         B        C        D         E        F      G
               +---------+---------+-------+---------+---------+-------+---------
         Total |       0 |   10063 |   0.0 |       0 |     286 |   0.0 | 11839
               +---------+---------+-------+---------+---------+-------+---------
           D:1 |       0 |      42 |   0.0 |       0 |      24 |   0.0 |   861
           D:2 |       0 |     125 |   0.0 |       0 |      23 |   0.0 |   795
           D:3 |       0 |     276 |   0.0 |       0 |      34 |   0.0 |  1351
           D:4 |       0 |     923 |   0.0 |       0 |      19 |   0.0 |  1481
           D:5 |       0 |     951 |   0.0 |       0 |      21 |   0.0 |  1375
           D:6 |       0 |    1276 |   0.0 |       0 |      30 |   0.0 |  1076
           D:7 |       0 |     735 |   0.0 |       0 |      25 |   0.0 |  1045
           D:8 |       0 |    2741 |   0.0 |       0 |      60 |   0.0 |  1717
           D:9 |       0 |    2184 |   0.0 |       0 |      27 |   0.0 |  1064
          D:10 |       0 |     629 |   0.0 |       0 |       7 |   0.0 |   214
       Ossuary |       0 |     181 |   0.0 |       0 |      16 |   0.0 |   681
               +---------+---------+-------+---------+---------+-------+---------
